Map: Kairos Junction LE

Players

HeroMarine - Winner!

  • Race: Terran Terran
  • League: Master
  • Spawn Location: 5:00

GOStephano (Stephano)

  • Race: Zerg Zerg
  • League: Grandmaster
  • Spawn Location: 11:00

Event: HomeStory Cup XIX

VOD

Have the link to the VOD?

Description

Time

  • Played on: June 28, 2019, 2 p.m.
  • Length: 10:48

All games in this series

Show
View Real Time Build Order
Export as new Build Order

HeroMarine Terran - Winner!

Build Orders: Reaper Expand 

Get SALT Encoding   

  12  0:00  SCV  
  13  0:12  SCV  
  14  0:17  Supply Depot  
  14  0:24  SCV  
  15  0:38  SCV  
  15  0:41  Barracks  
  16  0:42  Refinery  
  16  0:50  SCV  
  17  1:02  SCV  
  18  1:14  SCV  
  19  1:28  Reaper  
  19  1:29  Orbital Command  
  20  1:39  Command Center  
  20  1:48  Supply Depot  
  20  1:54  SCV  
  20  2:00  Marine  
  22  2:06  SCV  
  23  2:10  Factory  
  23  2:11  Refinery  
  23  2:18  SCV  
  23  2:21  Barracks Reactor  
  24  2:30  SCV  
  25  2:42  SCV  
  26  2:51  Orbital Command  
  26  2:55  SCV, Starport  
  27  3:04  Hellion x2  
  31  3:06  Barracks Tech Lab  
  31  3:07  SCV  
  32  3:14  Supply Depot  
  32  3:17  SCV  
  32  3:19  SCV  
  34  3:25  Marine, Hellion x2  
  34  3:26  Stimpack  
  39  3:31  Viking  
  41  3:34  SCV  
  41  3:35  SCV  
  43  3:43  Marine  
  43  3:46  SCV  
  43  3:47  SCV  
  46  3:57  Barracks  
  46  3:58  Barracks, SCV  
  46  3:59  SCV  
  46  4:01  Marine  
  49  4:03  Engineering Bay  
  49  4:05  Factory Tech Lab, Starport Reactor  
  49  4:10  SCV  
  49  4:11  SCV  
  49  4:15  Supply Depot  
  54  4:27  Supply Depot  
  54  4:28  Siege Tank, Refinery  
  54  4:31  Terran Infantry Weapons Level 1  
  54  4:36  Marine, SCV x2  
  54  4:38  Supply Depot  
  57  4:48  Starport Reactor, SCV x2  
  57  4:49  Marine x2  
  57  4:52  Marine x2, Supply Depot  
  62  4:54  Marine  
  64  5:00  SCV x2  
  64  5:02  Siege Tank  
  64  5:07  Marine x2, Supply Depot  
  69  5:10  Marine x2  
  69  5:13  Marine  
  74  5:19  SCV x2  
  76  5:24  Refinery  
  76  5:25  Marine x2  
  76  5:28  Marine x2  
  81  5:29  Combat Shield  
  81  5:31  Marine  
  81  5:34  Siege Tank  
  84  5:36  Medivac  
  86  5:43  Marine x2  
  86  5:45  Marine, Medivac  
  86  5:47  Marine  
  86  5:49  Marine  
  93  5:52  Supply Depot  
  93  5:53  Supply Depot  
  93  5:56  Supply Depot  
  94  6:01  Marine x2  
  94  6:04  Marine  
  94  6:13  Siege Tank, Marine x2, Medivac  
  94  6:16  Supply Depot  
  101  6:19  Marine x2  
  101  6:22  Marine  
  101  6:24  Medivac  
  106  6:28  Supply Depot, Terran Infantry Armor Level 1  
  106  6:31  Marine x2  
  108  6:36  Marine x2  
  108  6:39  Marine  
  110  6:45  Siege Tank  
  114  6:49  Marine x2  
  113  6:54  Marine x2  
  113  6:57  Marine, Medivac x2  
  120  7:06  Marine  
  120  7:07  Marine  
  122  7:12  Marine x2  
  122  7:15  Marine  
  118  7:18  Siege Tank  
  119  7:24  Marine x2  
  119  7:27  Medivac  
  118  7:30  Marine x2  
  118  7:33  Marine  
  100  7:42  Marine x2  
  94  7:44  Medivac  
  94  7:48  Marine x2  
  94  7:50  Siege Tank  
  94  7:51  Marine  
  100  7:54  Command Center  
  100  7:57  Medivac  
  99  8:00  Marine x2  
  97  8:05  Marine x2  
  97  8:08  Marine  
  98  8:18  Marine x2  
  97  8:22  Siege Tank  
  97  8:23  Marine x2, Medivac  
  97  8:26  Marine  
  104  8:28  Medivac  
  104  8:36  Marine x2  
  103  8:41  Marine x2  
  103  8:42  Armory  
  103  8:44  Marine  
  98  8:53  Marine  
  98  8:54  Siege Tank, Marine  
  99  8:59  Marine x2  
  99  9:00  Barracks x2  
  99  9:02  Marine  
  99  9:07  SCV x2  
  99  9:11  Marine x2  
  101  9:17  Marine  
  101  9:19  Engineering Bay, SCV x2  
  101  9:23  Marine  
  101  9:24  Marine  
  106  9:26  Siege Tank  
  106  9:29  Orbital Command  
  106  9:31  SCV x2  
  109  9:39  Marauder  
  109  9:40  Missile Turret  
  109  9:43  SCV x2  
  113  9:50  Marine x4, Barracks Tech Lab x2  
  117  9:55  SCV x2  
  117  9:56  SCV  
  120  10:00  Marine  
  120  10:02  Supply Depot  
  120  10:03  Siege Tank  
  124  10:07  SCV x2  
  124  10:08  SCV  
  124  10:11  Refinery  
  127  10:16  Marauder  
  127  10:17  Marauder  
  127  10:18  Marauder  
  127  10:19  Marine x4, SCV x2  
  127  10:20  SCV  
  140  10:21  Refinery  
  140  10:25  Supply Depot  
  140  10:31  SCV  
  140  10:34  SCV x2  
Show
View Real Time Build Order
Export as new Build Order

GOStephano Zerg 

Build Orders: Hatch First 

Get SALT Encoding   

  12  0:00  Drone  
  13  0:12  Overlord  
  13  0:17  Drone  
  14  0:30  Drone x2  
  16  0:47  Hatchery  
  15  0:51  Drone  
  15  0:54  Drone  
  17  0:57  Drone  
  18  1:08  Extractor  
  17  1:14  Spawning Pool  
  17  1:15  Drone  
  17  1:19  Drone  
  18  1:27  Drone  
  19  1:38  Drone  
  20  1:49  Drone  
  21  2:00  Queen x2  
  25  2:01  Zergling x4  
  27  2:10  Overlord  
  27  2:12  Drone  
  28  2:20  Hatchery  
  27  2:24  Drone  
  28  2:30  Drone  
  28  2:35  Drone  
  28  2:36  Drone  
  30  2:38  Queen  
  32  2:48  Overlord  
  32  2:49  Metabolic Boost  
  32  2:52  Drone  
  32  2:56  Drone x2  
  35  3:07  Drone x2  
  35  3:10  Drone  
  35  3:11  Drone x2  
  40  3:14  Queen  
  40  3:17  Overlord  
  42  3:23  Overlord  
  42  3:25  Drone  
  43  3:31  Queen  
  43  3:32  Drone  
  46  3:35  Overlord  
  46  3:39  Drone  
  46  3:40  Drone  
  48  3:42  Drone x3  
  48  3:47  Zergling x2  
  52  3:48  Zergling x4  
  52  3:51  Drone  
  52  3:54  Queen  
  57  4:01  Drone x2  
  59  4:05  Overlord  
  59  4:07  Drone x3  
  62  4:15  Drone x3  
  65  4:19  Evolution Chamber  
  65  4:21  Lair  
  65  4:22  Drone x2, Evolution Chamber  
  65  4:25  Drone x3  
  65  4:28  Drone x2  
  70  4:32  Spore Crawler  
  70  4:33  Spore Crawler  
  70  4:35  Drone, Extractor  
  70  4:36  Extractor  
  70  4:37  Extractor  
  66  4:38  Overlord  
  66  4:43  Drone x2  
  68  4:46  Extractor  
  68  4:47  Roach Warren  
  66  4:53  Zerg Ground Armor Level 1  
  66  4:55  Overlord x2  
  66  5:06  Overlord  
  65  5:08  Drone  
  65  5:09  Drone x4  
  65  5:10  Drone x3  
  65  5:12  Overlord  
  73  5:14  Drone  
  73  5:15  Drone  
  73  5:16  Zerg Missile Weapons Level 1  
  73  5:20  Overlord  
  75  5:27  Roach x4  
  82  5:33  Overlord  
  82  5:36  Overlord  
  82  5:40  Glial Reconstitution  
  82  5:46  Roach x4  
  82  5:47  Roach  
  92  5:53  Drone x4  
  92  5:54  Drone x2  
  92  5:55  Extractor  
  92  5:56  Drone  
  92  5:57  Drone  
  99  6:00  Ravager x2  
  99  6:03  Ravager  
  102  6:07  Hatchery  
  102  6:10  Roach x3  
  107  6:21  Roach x6  
  119  6:30  Roach, Overlord x2  
  119  6:31  Overlord  
  119  6:32  Ravager  
  122  6:34  Overlord  
  122  6:36  Overlord  
  122  6:43  Overlord  
  122  6:48  Overlord  
  122  6:50  Roach x4  
  127  6:56  Ravager x5  
  127  6:57  Roach  
  134  7:03  Roach x4  
  142  7:10  Roach x4  
  148  7:19  Zergling x8  
  148  7:24  Zerg Ground Armor Level 2  
  148  7:27  Roach x2  
  139  7:34  Roach x5  
  115  7:41  Roach x4  
  99  7:47  Roach x4  
  99  7:51  Roach x3  
  109  7:55  Roach x2  
  107  8:00  Roach  
  107  8:02  Pneumatized Carapace  
  107  8:04  Roach  
  107  8:05  Roach  
  97  8:06  Zergling x2  
  97  8:07  Zergling x4  
  90  8:13  Roach  
  90  8:19  Roach x8  
  96  8:21  Zergling x2  
  90  8:27  Roach  
  90  8:30  Roach  
  90  8:31  Roach x2  
  80  8:37  Roach  
  82  8:41  Roach x3  
  82  8:42  Queen  
  75  8:49  Queen  
  75  8:50  Roach  
  70  9:05  Drone  
  70  9:08  Drone  
  64  9:10  Drone x3  
  64  9:13  Drone  
  68  9:18  Drone x2  
  64  9:29  Roach x4  
  62  9:38  Roach x2  
  62  9:40  Roach  
  62  9:44  Ravager x4  
  70  9:48  Roach  
  70  9:51  Roach  
  74  9:54  Roach  
  74  9:57  Roach  
  74  9:58  Ravager  
  79  10:02  Roach  
  79  10:07  Roach x2  
  85  10:13  Roach x2  
  89  10:17  Roach  
  89  10:18  Roach  
  89  10:20  Ravager  
  94  10:22  Ravager x2  
  94  10:23  Roach  
  94  10:26  Roach  
Tags
 
Add a new tag
Caveats
  • Supply blocks, unpowered buildings, or Contaminate may cause inaccurate times.
  • Supply counts are checked every 10 seconds.